Map: Battle on the Boardwalk LE

Players

SamuraiFunn - Winner!

  • Race: Protoss Protoss
  • League: Platinum
  • Spawn Location: 11:00

A.I. 1 (Very Hard)

  • Race: Protoss Protoss
  • Spawn Location: 1:00

VOD

Have the link to the VOD?

Description

Time

  • Played on: Nov. 29, 2017, 9:43 p.m.
  • Length: 11:21
Show
View Real Time Build Order
Export as new Build Order

SamuraiFunn Protoss - Winner!

Build Orders:  

Get SALT Encoding   

  12  0:01  Probe  
  13  0:13  Probe  
  14  0:21  Pylon  
  14  0:26  Probe  
  15  0:39  Probe  
  16  0:43  Gateway  
  16  0:52  Probe  
  17  1:07  Probe  
  17  1:11  Assimilator  
  18  1:19  Probe  
  19  1:30  Zealot  
  21  1:34  Cybernetics Core  
  21  1:38  Pylon  
  21  1:40  Probe  
  21  1:45  Assimilator  
  22  1:54  Probe  
  23  2:02  Nexus  
  23  2:16  Probe  
  24  2:27  Gateway  
  24  2:28  Probe  
  25  2:32  Pylon, Stalker  
  27  2:40  Probe  
  28  2:52  Probe  
  29  2:59  Warp Gate (Chrono Boost)  
  29  3:04  Probe, Stalker  
  32  3:16  Probe x2  
  34  3:23  Robotics Facility  
  34  3:25  Stalker  
  36  3:34  Probe  
  36  3:35  Twilight Council  
  38  3:46  Pylon  
  38  3:47  Probe (Chrono Boost)  
  38  3:48  Probe (Chrono Boost)  
  39  3:59  Probe (Chrono Boost)  
  39  4:00  Probe (Chrono Boost)  
  39  4:01  Stalker  
  43  4:05  Probe x2 (Chrono Boost)  
  45  4:13  Probe x2, Assimilator  
  47  4:20  Observer  
  48  4:25  Probe x2  
  50  4:37  Probe  
  50  4:38  Probe  
  52  4:41  Observer  
  53  4:49  Probe  
  53  4:50  Probe  
  55  4:55  Gateway  
  55  5:03  Probe x2  
  57  5:12  Assimilator  
  57  5:15  Probe  
  57  5:16  Probe  
  57  5:20  Stalker  
  61  5:22  Nexus  
  61  5:24  Blink  
  61  5:26  Pylon  
  61  5:28  Pylon  
  61  5:31  Pylon  
  61  5:39  Gateway  
  61  5:41  Gateway  
  61  5:44  Immortal  
  61  5:48  Stalker  
  61  5:49  Robotics Facility  
  67  5:54  Stalker  
  69  6:14  Probe x2  
  71  6:20  Stalker x3  
  71  6:23  Immortal  
  81  6:35  Pylon  
  81  6:41  Forge  
  81  6:43  Forge  
  81  6:44  Stalker x2  
  81  6:46  Stalker  
  87  6:56  Probe  
  87  6:58  Probe x2  
  90  7:03  Immortal  
  94  7:09  Pylon  
  94  7:11  Probe  
  94  7:12  Probe x2  
  94  7:15  Pylon  
  97  7:17  Immortal  
  97  7:18  Pylon  
  101  7:24  Probe x3  
  101  7:25  Charge  
  104  7:35  Stalker x3  
  104  7:36  Probe x3, Stalker  
  115  7:44  Protoss Ground Armor Level 1, Protoss Ground Weapons Level 1  
  115  7:48  Probe x3  
  118  7:55  Stalker  
  120  7:58  Stalker  
  120  7:59  Stalker x3  
  128  8:19  Pylon  
  128  8:25  Pylon  
  128  8:26  Nexus  
  107  9:12  Stalker x2  
  107  9:13  Stalker  
  107  9:14  Stalker x2  
  117  9:19  Immortal x2  
  125  9:25  Pylon  
  125  9:28  Pylon  
  125  9:31  Pylon  
  117  9:54  Stalker x4  
  117  9:55  Stalker  
  117  9:58  Immortal x2  
  131  10:30  Stalker  
  131  10:31  Stalker  
  131  10:32  Stalker x3  
  137  10:58  Gateway  
  137  10:59  Gateway  
  137  11:03  Gateway  
Show
View Real Time Build Order
Export as new Build Order

A.I. 1 (Very Hard) Protoss 

Build Orders: Zealot Archon, Dark Templar Rush 

Get SALT Encoding   

  12  0:00  Probe  
  13  0:13  Probe  
  14  0:19  Pylon  
  14  0:25  Probe  
  15  0:37  Probe  
  15  0:39  Gateway  
  16  0:49  Probe  
  17  0:50  Assimilator  
  17  1:01  Probe  
  17  1:03  Pylon  
  18  1:13  Probe  
  19  1:25  Probe  
  20  1:31  Cybernetics Core, Zealot  
  22  1:37  Probe  
  22  1:39  Assimilator  
  23  1:49  Probe  
  24  1:58  Zealot  
  26  2:01  Probe  
  27  2:09  Warp Gate  
  27  2:11  Twilight Council  
  27  2:14  Probe  
  28  2:22  Pylon  
  28  2:26  Probe  
  28  2:29  Stalker  
  31  2:43  Gateway  
  31  2:52  Probe  
  31  2:53  Dark Shrine  
  32  3:05  Probe  
  33  3:08  Gateway  
  33  3:17  Probe  
  33  3:18  Pylon  
  34  3:25  Zealot  
  36  3:29  Probe  
  36  3:31  Zealot  
  39  3:38  Pylon  
  39  3:57  Adept  
  39  4:02  Adept  
  43  4:10  Nexus  
  43  4:18  Dark Templar  
  45  4:32  Dark Templar  
  45  4:36  Archon  
  45  4:37  Dark Templar  
  49  4:50  Stalker  
  51  4:54  Pylon  
  51  5:04  Stalker  
  53  5:09  Dark Templar  
  53  5:13  Archon, Dark Templar  
  57  5:14  Pylon  
  57  5:28  Stalker  
  59  5:31  Assimilator  
  59  5:34  Probe  
  60  5:36  Probe  
  61  5:43  Dark Templar  
  61  5:46  Probe  
  61  5:48  Probe  
  61  5:49  Assimilator  
  65  5:50  Archon  
  65  5:58  Probe  
  65  6:01  Probe  
  65  6:03  Dark Templar  
  69  6:10  Probe  
  70  6:13  Probe  
  70  6:18  Dark Templar  
  73  6:22  Probe  
  73  6:24  Archon  
  75  6:25  Probe  
  75  6:29  Pylon  
  75  6:31  Dark Templar  
  77  6:35  Probe  
  77  6:37  Probe  
  79  6:41  Dark Templar  
  79  6:47  Probe  
  82  6:49  Probe  
  82  6:50  Archon  
  82  6:51  Sentry  
  85  6:55  Pylon  
  85  6:59  Probe  
  86  7:02  Probe  
  86  7:03  Stalker  
  89  7:11  Probe, Robotics Facility  
  89  7:14  Probe, Stalker  
  93  7:17  Pylon  
  93  7:22  Stalker  
  95  7:23  Probe  
  95  7:26  Probe, Stalker  
  99  7:37  Sentry  
  99  7:39  Pylon  
  101  7:45  Stalker  
  101  7:49  Stalker  
  105  7:59  Immortal  
  105  8:00  Stalker  
  105  8:03  Pylon  
  111  8:08  Stalker  
  113  8:20  Adept  
  113  8:24  Pylon  
  113  8:26  Pylon  
  115  8:32  Zealot x2  
  115  8:38  Nexus, Immortal  
  115  8:40  Zealot  
  109  8:44  Forge  
  95  8:52  Stalker, Dark Templar  
  85  9:00  Dark Templar  
  73  9:15  Sentry  
  75  9:17  Observer  
  75  9:22  Archon  
  76  9:24  Zealot  
  78  9:33  Adept  
  78  9:38  Zealot  
  74  9:44  Stalker  
  52  9:53  Zealot x2  
  52  9:55  Pylon  
  52  9:58  Zealot  
  51  10:07  Dark Templar, Stalker  
  51  10:13  Zealot  
  30  10:30  Stalker  
  30  10:33  Stalker  
  20  10:45  Probe  
  21  10:53  Adept  
  21  10:56  Zealot  
Tags
 
Add a new tag
Caveats
  • Supply blocks, unpowered buildings, or Contaminate may cause inaccurate times.
  • Supply counts are checked every 10 seconds.